 Dungeon Crawl Stone Soup version 0.29.1-13-g9f3cf754e1 (webtiles) character file.

Game seed: 11487510796822282453

476 cheesebisquit the Shooter (level 7, 0/44 HPs)
             Began as a Gargoyle Hunter on Jan 30, 2023.
             Was an Initiate of Okawaru.
             Slain by a troll (2 damage)
             ... on level 5 of the Dungeon.
             The game lasted 00:11:39 (3079 turns).

cheesebisquit the Shooter (Gargoyle Hunter)         Turns: 3079, Time: 00:11:40

Health: 0/44       AC: 13    Str: 15    XL:     7   Next: 10%
Magic:  0/7        EV:  9    Int:  9    God:    Okawaru [......]
Gold:   186        SH:  0    Dex: 15    Spells: 6/6 levels left

rFire   . . .      SeeInvis .   a - +0 shortbow
rCold   . . .      Faith    .   (shield currently unavailable)
rNeg    + . .      Spirit   +   s - +0 scale mail
rPois   ∞          Reflect  .   (no helmet)
rElec   +          Harm     .   (no cloak)
rCorr   .          Rampage  .   q - +1 pair of gloves
Will    .....                   (no boots)
Stlth   ..........              i - amulet of guardian spirit
HPRegen 0.14/turn               (no ring)
MPRegen 0.10/turn               (no ring)

@: hasted, very quick
A: sickness immunity, AC +4, negative energy resistance 1, electricity
resistance, torment resistance 1, petrification resistance
a: Renounce Religion


You were on level 5 of the Dungeon.
You worshipped Okawaru.
Okawaru was noncommittal.
You visited 2 branches of the dungeon, and saw 6 of its levels.

You collected 186 gold pieces.

Inventory:

Hand Weapons
 a - a +0 shortbow (weapon)
Missiles
 g - 5 curare-tipped darts
 k - 9 poisoned darts
Armour
 c - a +0 leather armour
 e - a +0 ring mail
 m - a +2 robe of willpower
 q - a +1 pair of gloves (worn)
 s - a +0 scale mail (worn)
Jewellery
 i - an amulet of guardian spirit (around neck)
Wands
 l - a wand of flame (18)
Scrolls
 b - 5 scrolls of immolation
 f - a scroll of noise
 n - a scroll of amnesia {unknown}
 o - a scroll of fear {unknown}
Potions
 d - a potion of resistance {unknown}
 h - a potion of flight
 r - 2 potions of mutation {unknown}


   Skills:
 + Level 4.4 Fighting
 * Level 6.5 Ranged Weapons
 + Level 3.6 Armour
 - Level 1.5 Dodging
 - Level 1.1 Stealth


You had 6 spell levels left.
You didn't know any spells.
Your spell library contained the following spells:

 Spells                   Type           Power      Damage    Failure   Level
 Necrotise                Necr           0%         1d4       83%         1
 Vampiric Draining        Necr           0%         2d6       99%         3
 Agony                    Necr           0%         N/A       100%        5


Dungeon Overview and Level Annotations

Branches:
Dungeon (5/15)             Temple (1/1) D:4

Altars:
Ashenzari
Fedhas
Gozag
Kikubaaqudgha
Makhleb
Nemelex Xobeh
Okawaru
Qazlal
Ru
Sif Muna
Trog
Vehumet
Wu Jian
Yredelemnul
The Shining One

Shops:
D:1 [


Innate Abilities, Weirdness & Mutations

You are immune to sickness and miasma.
Your stone body is resilient. (AC +4)
You are immune to poison.
You resist negative energy. (rN+)
You are resistant to electric shocks. (rElec)
You are resistant to unholy torment.
You are immune to petrification.


Message History

Okay, then.
Okay, then.
You feel yourself speed up. The troll completely misses you.
The troll barely misses you. The troll misses you.
There is an open door here.
You are too injured to fight recklessly!
Fire: a) +0 shortbow
Press: ? - help, Q - select action, (/) - cycle Shift-Dir - straight line, f/p - troll
Aim: a troll (moderately wounded, 64% to hit)
You shoot an arrow. The arrow closely misses the troll.
Fire: a) +0 shortbow
Press: ? - help, Q - select action, (/) - cycle Shift-Dir - straight line, f/p - troll
Aim: a troll (moderately wounded, 64% to hit)
You shoot an arrow. The arrow barely misses the troll.
Fire: a) +0 shortbow
Press: ? - help, Q - select action, (/) - cycle Shift-Dir - straight line, f/p - troll
Aim: a troll (moderately wounded, 64% to hit)
You shoot an arrow. The arrow hits the troll.
The troll is heavily wounded.
Fire: a) +0 shortbow
Press: ? - help, Q - select action, (/) - cycle Shift-Dir - straight line, f/p - troll
Aim: a troll (moderately wounded, 64% to hit)
You shoot an arrow. The arrow hits the troll.
The troll is heavily wounded.
As you read the scroll labelled SUYXIE TUETAGRA, it crumbles to dust.
You hear a loud clanging noise!
It was a scroll of noise.
You hear a shout! x2; You hear a howl!
You hear a shout! x7
The troll bites you but does no damage. The troll barely misses you.
The troll claws you!
* * * LOW HITPOINT WARNING * * *
As you read the scroll labelled XAPSOTAIRRO, it crumbles to dust.
It is a scroll of enchant armour.
Your +0 pair of gloves glows green for a moment.
The troll bites you!
* * * LOW HITPOINT WARNING * * *
The troll claws you.
* * * LOW HITPOINT WARNING * * *
The troll claws you.
You die...

##.....#......#
#......#..<...#
#......#......#
+......#......#
#......#......#
#......#......#
#......#......#
#...##'#).....####
#..[#........##.@#
....#........#..T#
....#........#...#
....#..))....#...#
....#........#...#
+####.[......#...#
..######.....###'####
.....).#.....#......#
.......#.....#......#


You could see a troll.

Vanquished Creatures
  A necrophage (D:4)
  2 scorpions (D:4)
  A jelly (D:5)
  3 hounds
  Jessica (D:2)
  Ijyb (D:5)
  An orc wizard (D:5)
  A gnoll (D:3)
  4 adders
  4 worms
  A dart slug (D:1)
  2 orcs (D:5)
  9 endoplasms
  2 giant cockroaches
  7 goblins
  4 hobgoblins
  2 jackals (D:5)
  A quokka (D:1)
  3 ball pythons
  A bat (D:2)
  2 frilled lizards
  5 kobolds
  4 rats
62 creatures vanquished.

Notes
Turn   | Place    | Note
-------+----------+-------------------------------------------
     0 | D:1      | cheesebisquit the Gargoyle Hunter began the quest for the
                  | Orb.
     0 | D:1      | Reached XP level 1. HP: 12/12 MP: 1/1
    20 | D:1      | Found Ubuac's Armour Emporium.
   165 | D:1      | Reached XP level 2. HP: 17/18 MP: 2/2
   573 | D:2      | Noticed Jessica
   581 | D:2      | Killed Jessica
   582 | D:2      | Reached skill level 1 in Armour
   582 | D:2      | Reached XP level 3. HP: 18/22 MP: 3/3
   721 | D:2      | Reached XP level 4. HP: 27/27 MP: 4/4
  1060 | D:3      | Reached skill level 5 in Ranged Weapons
  1061 | D:3      | Reached XP level 5. HP: 16/32 MP: 2/5
  1303 | D:3      | Found a bloodstained altar of Trog.
  1622 | D:3      | Found a sacrificial altar of Ru.
  1939 | D:4      | Found a stormy altar of Qazlal.
  1961 | D:4      | Reached XP level 6. HP: 33/38 MP: 4/6
  2044 | D:4      | Found an ornate altar of the Wu Jian Council.
  2107 | D:4      | Reached skill level 6 in Ranged Weapons
  2296 | D:4      | Found a staircase to the Ecumenical Temple.
  2305 | Temple   | Entered the Ecumenical Temple
  2363 | Temple   | Became a worshipper of Warmaster Okawaru
  2609 | D:5      | Entered Level 5 of the Dungeon
  2752 | D:5      | Noticed Ijyb
  2771 | D:5      | Killed Ijyb
  2772 | D:5      | Reached XP level 7. HP: 17/44 MP: 4/7
  3054 | D:5      | Noticed a troll
  3079 | D:5      | HP: 2/44 [troll (2)]
  3079 | D:5      | Slain by a troll

Illustrated notes

Levels and vault maps discovered:
D:1:      minmay_arrival_arboretum_small, layout_rooms, serial_shops,
          nicolae_diamond_shop
D:2:      layout_rooms, chequers_mini_garden, uniq_jessica
D:3:      layout_loops_cross, lemuel_doored_altar, old_standard_altar,
          cheibrodos_gnoll_hut
D:4:      layout_gridville, mainiacjoe_overflow_alcove_2, grunt_qazlal_clouds,
          minmay_temple_entry_fiery
D:5:      minmay_spotlight, layout_gridville, general_overflow_altar, uniq_ijyb
Temple:   grunt_temple_mini_profane

Skill      XL: |  1  2  3  4  5  6 |
---------------+-------------------+-----
Armour         | 1 2 3 |  3.6
Fighting       | 3 4 |  4.4
Ranged Weapons | 5 6 |  6.5
Dodging        | |  1.5
Stealth        | |  1.1

Action                   |  1- 3 |  4- 6 |  7- 9 || total
-------------------------+-------+-------+-------++-------
 Fire: Shortbow          |    57 |   168 |    14 ||   239
Throw: Dart              |       |     1 |       ||     1
  Use: Scroll            |       |     3 |     2 ||     5
       Potion            |       |       |     1 ||     1
Armor: Ring mail         |     2 |       |       ||     2
       Robe              |       |     8 |       ||     8
       Scale mail        |       |    46 |     2 ||    48
Dodge: Dodged            |     4 |    49 |     5 ||    58
